 Dungeon Crawl Stone Soup version 0.26.0-45-g9c1d065592 (webtiles) character file.

Game seed: 16705864624385523340

21437 kaeus the Fighter (level 12, -4/110 HPs)
             Began as a Black Draconian Transmuter on Feb 1, 2021.
             Was a High Priest of Cheibriados.
             Slain by a minotaur
             ... wielding a +2 demon trident of pain
              (22 damage)
             ... in a Gauntlet.
             The game lasted 00:37:03 (21973 turns).

kaeus the Fighter (Black Draconian Transmuter)     Turns: 21973, Time: 00:37:03

Health: -4/110     AC:  2    Str: 26    XL:     12   Next: 54%
Magic:  17/17      EV: 48    Int: 34    God:    Cheibriados [*****.]
Gold:   1141       SH:  0    Dex: 31    Spells: 4/17 levels left

rFire    . . .     SeeInvis +     - Unarmed
rCold    . . .     Faith    .   (shield currently unavailable)
rNeg     . . .     Spirit   .   (armour unavailable)
rPois    .         Reflect  .   (helmet currently unavailable)
rElec    .         Harm     .   (cloak currently unavailable)
rCorr    .         Rampage  .   (gloves currently unavailable)
Will     .....     NoTele   +   (boots currently unavailable)
Stlth    +.........             m - amulet of the acrobat
HPRegen  0.28/turn              c - ring "Umek" {Int+4 SInv}
MPRegen  0.15/turn              h - ring "Coidd" {rPois Int+3}

@: confused, spider-form, acrobat, very slow
A: tiny, (breathe lightning), unfitting armour, AC +8
a: End Transformation, Renounce Religion, Bend Time, Temporal Distortion,
Slouch, Step From Time


You were in a Gauntlet.
You worshipped Cheibriados.
Cheibriados was extremely pleased with you.
You were a venomous arachnid creature.
You visited 3 branches of the dungeon, and saw 14 of its levels.
You also visited: Sewer, Bailey and Gauntlet.

You collected 1141 gold pieces.

Inventory:

Armour
 i - a +0 cloak (melded)
 q - a +2 buckler (melded)
 y - a +0 pair of boots (melded)
 D - a +2 pair of gloves (melded)
Jewellery
 c - the ring "Umek" (left front leg) {Int+4 SInv}
   (You found it in a Gauntlet)

   [ring of see invisible]

   It affects your intelligence (+4).
   It lets you see invisible.
 g - an uncursed ring of stealth
 h - the ring "Coidd" (right front leg) {rPois Int+3}
   (You found it on level 10 of the Dungeon)

   [ring of poison resistance]

   It affects your intelligence (+3).
   It protects you from poison.
 j - an uncursed ring of positive energy
 m - an amulet of the acrobat (around neck)
 w - an uncursed ring of resist corrosion
 B - an uncursed ring of protection from cold
Wands
 o - a wand of flame (18)
 r - a wand of enslavement (13)
 E - a wand of acid (8)
Scrolls
 a - 6 scrolls of remove curse
 b - 7 scrolls of enchant weapon
 d - a scroll of vulnerability
 p - 4 scrolls of teleportation
 t - a scroll of fog {unknown}
 v - 2 scrolls of fear
 A - 2 scrolls of immolation
 C - 3 scrolls of amnesia
Potions
 e - 2 potions of lignification
 f - a potion of resistance
 k - a potion of attraction
 l - a potion of flight
 n - 2 potions of brilliance
 x - 3 potions of might
 z - a potion of curing


   Skills:
 + Level 11.2 Fighting
 + Level 9.6 Dodging
 - Level 4.0 Shields
 + Level 10.7 Unarmed Combat
 - Level 3.3 Spellcasting
 + Level 9.5 Transmutations
 - Level 2.0 Ice Magic
 - Level 2.0 Poison Magic
 + Level 3.2 Invocations


You had 4 spell levels left.
You knew the following spells:

 Your Spells              Type           Power        Failure   Level
a - Spider Form           Tmut/Pois      22%          7%          3
b - Beastly Appendage     Tmut           100%         1%          1
c - Blade Hands           Tmut           31%          10%         5
d - Ice Form              Ice/Tmut       45%          14%         4

Your spell library contained the following spells:

 Spells                   Type           Power        Failure   Level
 Wereblood                Tmut           63%          1%          2
 Magic Dart               Conj           20%          16%         1
 Searing Ray              Conj           10%          21%         2
 Petrify                  Tmut/Erth      38%          21%         4
 Confusing Touch          Hex            5%           34%         3
 Dazzling Flash           Conj/Hex       10%          34%         3
 Gell's Gravitas          Tloc           2%           34%         3
 Fulminant Prism          Conj/Hex       2%           67%         4
 Iskenderun's Mystic Bla  Conj/Tloc      5%           67%         4
 Yara's Violent Unravell  Hex/Tmut       19%          41%         5
 Metabolic Englaciation   Hex/Ice        6%           85%         5


Dungeon Overview and Level Annotations

Branches:
Dungeon (11/15)            Temple (1/1) D:7            Lair (2/6) D:10
  Sewer (visited)          Bailey (visited)         Gauntlet (1/1)
  Swamp: Lair:2-4    Shoals: Lair:2-4     Snake: Lair:2-4    Spider: Lair:2-4
    Orc: D:9-12

Altars:
Ashenzari
Cheibriados
Dithmenos
Elyvilon
Fedhas
Gozag
Hepliaklqana
Kikubaaqudgha
Makhleb
Nemelex Xobeh
Okawaru
Qazlal
Ru
Sif Muna
Trog
Uskayaw
Vehumet
Wu Jian
Xom
Yredelemnul
Zin
The Shining One

Shops:
D:6 }

Annotations:
D:4 2 transporters, Menkaure
D:7 1 runed translucent door, Crazy Yiuf
D:8 1 runed translucent door, drevil's ghost, novice MiBe Gauntlet 8 transporters, 1 runed translucent door


Innate Abilities, Weirdness & Mutations

((You can breathe wild blasts of lightning.))
((Your glossy black scales are hard. (AC +8)))
You cannot fit into any form of body armour.
((You are resistant to electric shocks. (rElec)))
((You are cold-blooded and may be slowed by cold attacks.))


Message History

* * * LOW HITPOINT WARNING * * *
You take 49 damage, and have 11/110 hp.
MASSIVE DAMAGE!!
You hit the minotaur.
The minotaur looks as sick as possible!
The minotaur is lightly wounded.
The minotaur hits you with a +2 demon trident of pain.
* * * LOW HITPOINT WARNING * * *
You writhe in agony.
* * * LOW HITPOINT WARNING * * *
The minotaur barely misses you.
You take 9 damage, and have 2/110 hp.
As you read the scroll of fear, it crumbles to dust.
You assume a fearsome visage.
The minotaur resists with almost no effort.
You are confused.
You feel invigorated. The minotaur completely misses you.
The minotaur misses you.
You regained 5 hp, and now have 7/110 hp.
MP restored: 17 The minotaur hits you from afar with a +2 demon trident of pain!!
You die...

##≈###≈###≈###...........###≈###≈
### ### ################# ### ##
#.................
#.♣.♣.©.©.©.©.♣.♣.#
#.................
###.#.#######.#.### #.#....#
..#.# #.#.##.#.##.# #
#...s.H...... #.#..##'##..#
#.#..# 8# #....# # ###8.# ####


You could see a minotaur (extremely poisoned).

Vanquished Creatures
  Erica (D:8)
  3 hydras
  A tengu warrior (Gauntlet)
  3 two-headed ogres
  The ghost of reptisaurus the Slinger, a journeyman HaAr of Hepliaklqana (D:11)
  A glowing orange brain (shapeshifter) (Gauntlet)
  Pikel (D:5)
  An orc knight (Bailey)
  2 cyclopes
  A black mamba (Lair:1)
  2 cane toads (Lair:1)
  A centaur skeleton (D:10)
  A rime drake (shapeshifter) (Gauntlet)
  A rime drake (Lair:1)
  A tengu conjurer (Gauntlet)
  2 trolls
  A slime creature (D:8)
  Prince Ribbit (D:7)
  A wraith (D:9)
  A shadow (D:8)
  A vampire (D:9)
  20 yaks
  Eustachio (D:5)
  A basilisk (Lair:2)
  3 wargs (D:10)
  Edmund (D:4)
  A soldier ant (shapeshifter) (Gauntlet)
  3 swamp worms (Gauntlet)
  5 water moccasins (Lair:1)
  8 orc warriors
  2 necrophages (D:8)
  2 ice beasts
  2 phantoms
  3 ogres
  3 sky beasts
  6 centaurs
  A big kobold (D:9)
  10 bullfrogs
  5 scorpions
  9 killer bees (D:9)
  3 howler monkeys
  A bullfrog zombie (D:8)
  2 centaur zombies
  3 jellies
  A bullfrog skeleton (D:8)
  5 hounds
  6 orc priests
  A quasit (D:10)
  5 iguanas
  9 orc wizards
  4 worker ants
  A killer bee zombie (D:9)
  The ghost of jlumianski the Skirmisher, a weakling PaFi (D:3)
  A worker ant zombie (D:7)
  4 gnolls
  A river rat (D:3)
  13 adders
  5 white imps
  3 ufetubi
  7 oozes
  2 adder skeletons
  3 worms
  2 dart slugs
  11 leopard geckos
  60 orcs
  14 giant cockroaches
  2 goblins
  6 hobgoblins
  6 jackals
  6 quokkas
  8 ball pythons
  6 bats
  16 frilled lizards
  A giant cockroach zombie (D:5)
  2 jackal zombies (D:5)
  6 kobolds
  2 leopard gecko skeletons
  A quokka skeleton (D:9)
  7 rats
351 creatures vanquished.

Vanquished Creatures (collateral kills)
  An orc knight (Bailey)
1 creature vanquished.

Vanquished Creatures (others)
  An orc warrior (Bailey)
  A quokka (D:7)
  2 fungi (Lair:1)
4 creatures vanquished.

Grand Total: 356 creatures vanquished

Notes
Turn   | Place    | Note
-------+----------+-------------------------------------------
     0 | D:1      | kaeus the Draconian Transmuter began the quest for the Orb.
     0 | D:1      | Reached XP level 1. HP: 16/16 MP: 3/3
   482 | D:1      | Reached XP level 2. HP: 21/23 MP: 3/5
  1240 | D:2      | Reached skill level 1 in Poison Magic
  1820 | D:2      | Reached XP level 3. HP: 28/28 MP: 3/6
  2192 | D:2      | Learned a level 3 spell: Spider Form
  2243 | D:3      | Found a stormy altar of Qazlal.
  2245 | D:3      | Found a glowing silver altar of Zin.
  2310 | D:3      | Found a glowing drain.
  2361 | Sewer    | Entered a sewer
  2376 | Sewer    | Reached XP level 4. HP: 13/35 MP: 8/8
  3883 | Sewer    | Reached XP level 5. HP: 35/40 MP: 8/10
  3959 | Sewer    | Reached skill level 2 in Fighting
  4607 | D:3      | Reached XP level 6. HP: 48/48 MP: 4/11
  5077 | D:3      | Found a runed translucent door.
  5085 | D:3      | Noticed jlumianski's ghost (weakling PaFi)
  5211 | D:3      | Found a glowing golden altar of the Shining One.
  5323 | D:3      | Killed jlumianski's ghost
  6008 | D:4      | Found a transporter.
  6011 | D:4      | Found a transporter.
  6093 | D:4      | Noticed Edmund
  6180 | D:4      | Killed Edmund
  6181 | D:4      | Reached skill level 3 in Fighting
  6407 | D:4      | Found a basalt altar of Yredelemnul.
  6409 | D:4      | Noticed Menkaure
  6410 | D:4      | Found an ancient bone altar of Kikubaaqudgha.
  6656 | D:5      | Entered Level 5 of the Dungeon
  6717 | D:5      | Noticed Eustachio
  6834 | D:5      | Killed Eustachio
  6835 | D:5      | Your scales start taking on a glossy black colour.
  6835 | D:5      | Reached XP level 7. HP: 15/58 MP: 10/12
  6835 | D:5      | Gained mutation: You are resistant to electric shocks.
                  | (rElec) [Black Draconian growth]
  6846 | D:5      | Reached skill level 4 in Fighting
  7277 | D:5      | Reached skill level 5 in Unarmed Combat
  7279 | D:5      | Reached skill level 1 in Shields
  7417 | D:5      | Noticed Pikel
  7436 | D:5      | Killed Pikel
  7437 | D:5      | Reached skill level 5 in Fighting
  7437 | D:5      | Reached XP level 8. HP: 26/69 MP: 8/13
  8446 | D:5      | Reached skill level 5 in Dodging
  8937 | D:6      | Got an ancient spear
  8938 | D:6      | Identified the cursed +1 spear of Extremism {chaos, rF- rN+
                  | SInv} (You found it on level 6 of the Dungeon)
  9091 | D:6      | Found Boawni's Gadget Shoppe.
  9107 | D:6      | Reached skill level 6 in Fighting
  9639 | D:6      | Reached XP level 9. HP: 65/75 MP: 10/14
  9919 | D:7      | Found a white marble altar of Elyvilon.
  9921 | D:7      | Noticed Prince Ribbit
  9954 | D:7      | Killed Prince Ribbit
 10378 | D:7      | Found a staircase to the Ecumenical Temple.
 10414 | Temple   | Entered the Ecumenical Temple
 10536 | Temple   | Became a worshipper of Cheibriados the Contemplative
 10936 | D:7      | Found a runed translucent door.
 10937 | D:7      | Noticed Crazy Yiuf
 11345 | D:8      | Found a runed translucent door.
 11345 | D:8      | Noticed drevil's ghost (novice MiBe)
 11467 | D:8      | Reached * piety under Cheibriados
 11493 | D:8      | Reached skill level 7 in Fighting
 11493 | D:8      | Reached skill level 5 in Transmutations
 11756 | D:8      | Noticed Erica
 11772 | D:8      | Killed Erica
 11969 | D:8      | Noticed a troll
 11981 | D:8      | Killed a troll
 11982 | D:8      | Reached XP level 10. HP: 23/88 MP: 9/15
 12452 | D:8      | Noticed a cyclops
 12963 | D:8      | Killed a cyclops
 12964 | D:8      | Reached skill level 8 in Fighting
 13545 | D:8      | Noticed a two-headed ogre
 13557 | D:8      | Killed a two-headed ogre
 14155 | D:9      | Reached ** piety under Cheibriados
 14371 | D:9      | Reached skill level 9 in Fighting
 14501 | D:9      | Found a large runed translucent door.
 14505 | D:9      | Found a large runed translucent door.
 14529 | D:9      | Found an ornate altar of the Wu Jian Council.
 14546 | D:9      | Found a large runed translucent door.
 14546 | D:9      | Found a large runed translucent door.
 14710 | D:9      | Noticed a two-headed ogre
 14720 | D:9      | Killed a two-headed ogre
 14721 | D:9      | Reached XP level 11. HP: 76/97 MP: 13/16
 14887 | D:9      | Found a blossoming altar of Fedhas.
 15103 | D:9      | Reached *** piety under Cheibriados
 15482 | D:9      | Got a transparent robe
 15646 | D:10     | Entered Level 10 of the Dungeon
 15674 | D:10     | Found a flagged portal.
 15693 | Bailey   | Entered a bailey
 16152 | Bailey   | Noticed an orc knight
 16153 | Bailey   | Noticed an orc knight
 16241 | Bailey   | Killed an orc knight
 16241 | Bailey   | Reached **** piety under Cheibriados
 16252 | Bailey   | Killed an orc knight
 16446 | D:10     | Found a radiant altar of Vehumet.
 16579 | D:10     | Found a runed translucent gate.
 16579 | D:10     | Found a runed translucent gate.
 16579 | D:10     | Found a runed translucent gate.
 16638 | D:10     | Found an opulent altar of Gozag.
 16646 | D:10     | Noticed reptisaurus's ghost (journeyman HaAr)
 16717 | D:10     | Found a staircase to the Lair.
 17018 | D:10     | Got a smoking iron ring
 17020 | D:10     | Identified the ring "Coidd" {rPois Int+3} (You found it on
                  | level 10 of the Dungeon)
 17113 | D:10     | Reached skill level 10 in Fighting
 17524 | D:10     | Reached ***** piety under Cheibriados
 17784 | D:10     | Noticed a two-headed ogre
 17796 | D:10     | Killed a two-headed ogre
 18224 | D:11     | Killed reptisaurus's ghost
 18225 | D:11     | Reached skill level 10 in Unarmed Combat
 18527 | Lair:1   | Entered Level 1 of the Lair of Beasts
 18534 | Lair:1   | Learned a level 5 spell: Blade Hands
 18706 | Lair:1   | Noticed a four-headed hydra
 19311 | Lair:1   | Learned a level 4 spell: Ice Form
 19383 | Lair:1   | Noticed an eight-headed hydra
 19387 | Lair:1   | Killed an eight-headed hydra
 19388 | Lair:1   | Reached XP level 12. HP: 73/108 MP: 12/17
 19736 | Lair:1   | Reached skill level 1 in Ice Magic
 19999 | Lair:1   | Reached skill level 1 in Invocations
 20247 | Lair:1   | Killed a six-headed hydra
 20678 | Lair:2   | Found a gate leading to a gauntlet.
 20678 | Lair:2   | Noticed a six-headed hydra
 20687 | Lair:2   | Killed a six-headed hydra
 20688 | Lair:2   | Reached skill level 11 in Fighting
 20690 | Gauntlet | Entered a Gauntlet
 20690 | Gauntlet | Found a transporter.
 20691 | Gauntlet | Noticed a tengu warrior
 21181 | Gauntlet | Found a transporter.
 21183 | Gauntlet | Found a transporter.
 21194 | Gauntlet | Found a transporter.
 21195 | Gauntlet | Found a transporter.
 21204 | Gauntlet | Found a transporter.
 21220 | Gauntlet | Found a transporter.
 21228 | Gauntlet | Found a runed translucent door.
 21231 | Gauntlet | Found a transporter.
 21237 | Gauntlet | Noticed a catoblepas
 21241 | Gauntlet | Found a transporter.
 21246 | Gauntlet | Found a transporter.
 21246 | Gauntlet | Found a transporter.
 21271 | Gauntlet | Noticed a queen ant
 21274 | Gauntlet | Found a transporter.
 21274 | Gauntlet | Found a transporter.
 21328 | Gauntlet | Found a transporter.
 21422 | Gauntlet | Killed a tengu warrior
 21621 | Gauntlet | Noticed a two-headed ogre
 21621 | Gauntlet | an elephant changed into a two-headed ogre
 21623 | Gauntlet | Got a glittering golden amulet
 21624 | Gauntlet | a two-headed ogre changed into a faun
 21648 | Gauntlet | Identified the amulet of Untruth {Inacc +Inv Str+4} (You
                  | found it in a Gauntlet)
 21668 | Gauntlet | Noticed a two-headed ogre
 21668 | Gauntlet | a cyclops changed into a two-headed ogre
 21673 | Gauntlet | a two-headed ogre changed into a glowing orange brain
 21679 | Gauntlet | Noticed a death ooze
 21694 | Gauntlet | Got a sparkling tin ring
 21949 | Gauntlet | Identified the ring "Umek" {Int+4 SInv} (You found it in a
                  | Gauntlet)
 21959 | Gauntlet | Noticed a minotaur
 21970 | Gauntlet | HP: 2/110 [minotaur/+2 demon trident of pain (6)]
 21973 | Gauntlet | Slain by a minotaur

Illustrated notes

Levels and vault maps discovered:
D:1:      elethiomel_arrival_maze, layout_basic
D:2:      layout_basic
D:3:      layout_basic, gammafunk_temple_overflow_pools, portal_sewer_entry_c,
          ebering_ghost_reflecting_pool, tso_altar
D:4:      layout_basic, gammafunk_temple_of_torment, serial_forest,
          infiniplex_forest_clump_tiny, infiniplex_forest_clump_small,
          infiniplex_forest_lined_3_way, infiniplex_forest_straight_2,
          infiniplex_forest_clump_C, infiniplex_forest_straight_2,
          infiniplex_forest_clump_small, uniq_edmund
D:5:      lemuel_ice_spiral_2, layout_rooms, st_stairs_4,
          hangedman_minor_gate_pass, uniq_menkaure, uniq_pikel, uniq_eustachio
D:6:      layout_basic, serial_shops, nicolae_shop_crystal
D:7:      layout_rooms, minmay_temple_entry_stoned_glass, elyvilon_altar_4,
          uniq_crazy_yiuf_cottage, uniq_prince_ribbit1
D:8:      hangedman_cross_veins, layout_rooms, gammafunk_ghost_grave,
          serial_aquarium, aquarium_bridge_straight [aquarium_subvault_bridge,
          aquarium_subvault_balcony, aquarium_subvault_bridge,
          aquarium_subvault_window], aquarium_window_2, aquarium_window_2,
          aquarium_window_corridor_3, aquarium_view_2c, aquarium_view_2c,
          aquarium_pool_double, hangedman_decor_push, minmay_between, uniq_erica
D:9:      layout_loops_ring, fedhas_ov_isle_minmay, overflow_temple_1_default,
          minmay_hollow_rounded_squares
D:10:     layout_grid_maze, erik_lair_orcish_takeover, basic_altar,
          enter_bailey_4, ebering_ghost_gozag, minmay_joined_circles
D:11:     layout_basic, hiddenorc2_lemuel, serial_shops, shop, uniq_psyche
Temple:   compressed_dpeg_circular_temple
Lair:1:   layout_cave_pods, grunt_megastairs_1
Lair:2:   layout_hall_layers, minmay_snake_entry_six_corridors,
          gauntlet_entry_generic, st_stairs_12, lemuel_fruit_tree
Gauntlet: minmay_gauntlet_77_tree [minmay_gauntlet_arena_77_braids,
          minmay_gauntlet_arena_77_mess,
          minmay_gauntlet_arena_77_chump_sandwich,
          minmay_gauntlet_arena_77_two_lines, minmay_gauntlet_arena_77_path,
          minmay_gauntlet_arena_77_box, minmay_gauntlet_arena_77_mirror,
          nicolae_gauntlet_exit_dead_adventurers]

Skill      XL: |  1  2  3  4  5  6  7  8  9 10 11 12 |
---------------+-------------------------------------+-----
Poison Magic   | 1 2 |  2.0
Transmutations | 3 5 7 9 |  9.5
Spellcasting   | 3 |  3.3
Dodging        | 2 3 4 5 6 7 9 |  9.6
Fighting       | 2 3 5 6 7 9 10 11 | 11.2
Unarmed Combat | 4 5 6 7 9 10 | 10.7
Shields        | 2 3 4 |  4.0
Ice Magic      | 2 |  2.0
Invocations    | 3 |  3.2

Action                   |  1- 3 |  4- 6 |  7- 9 | 10-12 || total
-------------------------+-------+-------+-------+-------++-------
Melee: Unarmed           |   120 |   322 |   309 |   548 ||  1299
       Kick              |    20 |    25 |     5 |     5 ||    55
       Headbutt          |     9 |    14 |     3 |     1 ||    27
       Tailslap          |     7 |    10 |    15 |    30 ||    62
       Punch             |       |       |     5 |     3 ||     8
 Cast: Beastly Appendage |    25 |    24 |    10 |     3 ||    62
       Spider Form       |       |    18 |    27 |    35 ||    80
       Blade Hands       |       |       |       |    11 ||    11
       Ice Form          |       |       |       |     3 ||     3
Evoke: Wand              |       |       |       |     8 ||     8
  Use: Potion            |       |     4 |     3 |     3 ||    10
       Scroll            |       |       |    10 |    16 ||    26
 Stab: Sleeping          |       |     1 |     1 |     3 ||     5
       Distracted        |       |       |     1 |       ||     1
Armor: Skin              |    40 |    95 |    55 |    44 ||   234
Dodge: Dodged            |    90 |   316 |   398 |   807 ||  1611
Block: Buckler           |     4 |       |     7 |    90 ||   101
